Map: Oxide LE

Players

Has - Winner!

  • Race: Protoss Protoss

GogojOey

  • Race: Zerg Zerg

VOD

Have the link to the VOD?

Description

Time

  • Played on: Oct. 1, 2021, 8:05 a.m.
  • Length: 7:17
Show
View Real Time Build Order
Export as new Build Order

Has Protoss - Winner!

Build Orders: 1 Gate Expand 

Get SALT Encoding   

  12  0:01  Probe  
  13  0:13  Probe  
  14  0:20  Pylon  
  14  0:25  Probe (Chrono Boost)  
  15  0:38  Gateway  
  15  0:39  Probe (Chrono Boost)  
  16  0:45  Probe (Chrono Boost)  
  16  0:47  Assimilator  
  17  0:54  Probe  
  18  1:06  Probe  
  19  1:20  Nexus  
  19  1:29  Cybernetics Core  
  19  1:34  Zealot (Chrono Boost)  
  21  1:42  Pylon  
  21  1:45  Probe  
  21  1:58  Probe  
  23  2:03  Adept (Chrono Boost)  
  23  2:10  Probe  
  24  2:16  Warp Gate  
  25  2:22  Probe  
  25  2:29  Adept (Chrono Boost)  
  23  2:35  Probe x2  
  27  2:38  Assimilator  
  27  2:47  Probe x2  
  29  2:59  Probe x2  
  31  3:11  Probe x2 (Chrono Boost)  
  31  3:12  Robotics Facility  
  33  3:16  Adept  
  35  3:23  Probe (Chrono Boost)  
  37  3:27  Forge  
  37  3:29  Probe (Chrono Boost)  
  37  3:32  Probe (Chrono Boost)  
  37  3:33  Pylon  
  38  3:36  Probe (Chrono Boost)  
  38  3:37  Probe (Chrono Boost)  
  40  3:47  Probe  
  41  3:49  Probe  
  40  3:59  Probe  
  40  4:01  Probe  
  42  4:03  Warp Prism (Chrono Boost), Protoss Ground Weapons Level 1  
  42  4:04  Adept  
  42  4:08  Pylon  
  44  4:12  Probe  
  44  4:13  Probe  
  44  4:15  Gateway  
  46  4:18  Gateway  
  46  4:24  Probe  
  47  4:25  Stalker  
  47  4:27  Probe  
  47  4:29  Pylon  
  51  4:44  Immortal (Chrono Boost)  
  54  5:06  Gateway  
  54  5:07  Gateway  
  54  5:08  Gateway  
  54  5:10  Adept x2  
  54  5:13  Gateway  
  56  5:14  Immortal (Chrono Boost), Adept  
  60  5:30  Adept  
  62  5:35  Gateway  
  62  5:37  Gateway  
  58  5:47  Immortal (Chrono Boost)  
  58  5:48  Sentry x2  
  66  5:52  Pylon  
  66  5:54  Pylon  
  66  5:56  Pylon  
  66  6:00  Pylon  
  66  6:02  Zealot x2  
  70  6:16  Pylon  
  70  6:22  Pylon  
  70  6:26  Zealot x7  
  70  6:29  Pylon  
  70  6:30  Sentry  
  70  6:31  Sentry  
  88  6:48  Zealot x7  
  98  6:55  Zealot x2  
Show
View Real Time Build Order
Export as new Build Order

GogojOey Zerg 

Build Orders: Pool First 

Get SALT Encoding   

  12  0:17  Spawning Pool  
  11  0:22  Drone  
  11  0:26  Drone  
  13  0:30  Drone  
  14  0:40  Overlord  
  14  1:03  Zergling x4  
  18  1:05  Zergling x2  
  19  1:16  Zergling x2  
  18  1:20  Hatchery  
  17  1:26  Drone  
  18  1:33  Queen  
  18  1:37  Drone  
  21  1:47  Overlord  
  21  1:59  Drone  
  22  2:09  Drone  
  22  2:14  Queen  
  24  2:29  Hatchery  
  21  2:30  Drone  
  21  2:33  Drone  
  21  2:35  Drone  
  24  2:41  Drone  
  24  2:43  Drone  
  26  2:47  Drone x2  
  29  2:51  Drone  
  29  2:57  Extractor  
  30  2:58  Zergling x4  
  30  3:05  Queen  
  32  3:09  Drone  
  33  3:15  Overlord  
  33  3:18  Drone  
  33  3:19  Drone  
  35  3:22  Drone  
  36  3:33  Drone  
  37  3:35  Drone x4  
  41  3:42  Drone x3  
  43  3:52  Drone  
  41  3:56  Overlord  
  41  3:58  Drone x3  
  43  4:03  Drone, Spore Crawler  
  43  4:07  Drone x3  
  47  4:14  Metabolic Boost  
  47  4:17  Overlord  
  47  4:22  Queen  
  50  4:24  Drone  
  50  4:25  Spore Crawler  
  49  4:32  Zergling x4  
  49  4:34  Queen  
  53  4:40  Spore Crawler x2  
  53  4:42  Zergling x2, Spore Crawler  
  53  4:44  Drone  
  51  4:46  Drone x2  
  51  4:50  Drone  
  53  4:54  Overlord  
  53  4:55  Drone  
  53  4:59  Drone  
  57  5:03  Overlord  
  55  5:09  Drone x2  
  55  5:12  Drone x3  
  55  5:13  Drone  
  61  5:14  Drone  
  61  5:15  Drone, Queen  
  63  5:23  Zergling x2  
  63  5:24  Zergling x2  
  63  5:25  Drone x3  
  65  5:30  Drone  
  65  5:34  Roach Warren  
  64  5:42  Overlord  
  64  5:46  Drone  
  64  5:47  Drone x3  
  65  5:53  Extractor  
  64  5:57  Overlord  
  64  6:05  Drone  
  64  6:06  Drone x2  
  64  6:07  Drone x2  
  69  6:16  Roach  
  69  6:17  Roach  
  73  6:19  Zergling x16  
  73  6:23  Extractor  
  73  6:24  Zergling x6  
  81  6:29  Roach  
  81  6:31  Zergling x2, Queen  
  86  6:35  Spine Crawler  
  86  6:38  Ravager  
  86  6:39  Zergling x2, Roach  
  89  6:40  Zergling x2  
  89  6:41  Spine Crawler  
  89  6:50  Zergling x4, Roach  
  80  6:57  Zergling x2, Roach  
  80  6:58  Zergling x4, Roach x2  
Tags
 
Add a new tag
Caveats
  • Supply blocks, unpowered buildings, or Contaminate may cause inaccurate times.
  • Supply counts are checked every 10 seconds.